 Dungeon Crawl Stone Soup version 0.28-a0-1002-gf00fe891ef (webtiles) character file.

Game seed: 6538065793362299748

763 r3xj the Basher (level 7, 0/50 (57) HPs)
             Began as a Minotaur Berserker on Dec 6, 2021.
             Was a Believer of Trog.
             Slain by a kobold brigand (4 damage)
             ... on level 5 of the Dungeon.
             The game lasted 00:08:46 (4652 turns).

r3xj the Basher (Minotaur Berserker)                Turns: 4652, Time: 00:08:49

HP:   0/50 (57)     AC:  9    Str: 21    XL:     7   Next: 51%
MP:   6/6           EV: 10    Int:  4    God:    Trog [**....]
Gold: 243           SH:  0    Dex: 12    Spells: 6/6 levels left

rFire   . . .      SeeInvis .   a - +0 mace
rCold   . . .      Faith    .   (no shield)
rNeg    . . .      Spirit   .   f - +0 scale mail
rPois   .          Reflect  .   (helmet restricted)
rElec   .          Harm     .   g - +2 cloak
rCorr   .          Rampage  .   (no gloves)
Will    .....                   (no boots)
Stlth   ..........              (no amulet)
HPRegen 0.16/turn               (no ring)
MPRegen 0.10/turn               (no ring)

@: heavily drained
A: horns 2, retaliatory headbutt
a: Renounce Religion, Berserk, Trog's Hand


You were on level 5 of the Dungeon.
You worshipped Trog.
Trog was pleased with you.
You visited 1 branch of the dungeon, and saw 5 of its levels.

You collected 243 gold pieces.

Inventory:

Hand Weapons
 a - a +0 mace (weapon)
 i - a +1 spectral club
 k - a +0 war axe
 m - a +1 hand axe of venom
Missiles
 j - 34 poisoned darts (quivered)
Armour
 f - a +0 scale mail (worn)
 g - a +2 cloak (worn)
Jewellery
 o - an amulet of faith
Scrolls
 e - 2 scrolls of identify {unknown}
 h - a scroll of magic mapping {unknown}
 q - a scroll of blinking {unknown}
 r - a scroll of enchant armour {unknown}
Potions
 b - a potion of magic {unknown}
 c - 3 potions of curing {unknown}
 d - a potion of degeneration {unknown}
 l - a potion of heal wounds {unknown}
 n - a potion of cancellation {unknown}
 p - a potion of lignification {unknown}
 s - a potion of brilliance {unknown}


   Skills:
 - Level 3.6 Fighting
 + Level 10.7 Maces & Flails
 - Level 2.4 Armour
 - Level 2.1 Dodging


You had 6 spell levels left.
You didn't know any spells.
Your spell library was empty.

Dungeon Overview and Level Annotations

Branches:
Dungeon (5/15)             Temple (0/1) D:5

Altars:
Ashenzari

Shops:
D:4 *


Innate Abilities, Weirdness & Mutations

You have a pair of horns on your head.
You reflexively headbutt those who attack you in melee.


Message History

The kobold brigand is heavily wounded.
An orc comes into view. It is wielding a +0 whip.
The kobold brigand hits you but does no damage.
You closely miss the kobold brigand.
The kobold brigand is heavily wounded.
The water moccasin skeleton barely misses you.
You closely miss the kobold brigand. You headbutt the kobold brigand.
The kobold brigand is heavily wounded.
The water moccasin skeleton bites you.
The kobold brigand hits you but does no damage.
The water moccasin skeleton bites you.
You hit the kobold brigand but do no damage.
You headbutt the kobold brigand.
The kobold brigand is severely wounded.
The kobold brigand hits you with a +0 dagger.
The water moccasin skeleton bites you but does no damage.
You thump the kobold brigand!
Your headbutt misses the kobold brigand.
The kobold brigand is almost dead.
The orc hits you but does no damage.
The kobold brigand hits you with a +0 dagger.
You barely miss the kobold brigand.
Your headbutt misses the kobold brigand.
The kobold brigand is almost dead.
The orc hits you with a +0 short sword. The kobold brigand closely misses you.
You furiously retaliate!
You headbutt the kobold brigand.
You hit the kobold brigand but do no damage.
The kobold brigand is almost dead.
The ogre hits you with a +0 giant spiked club!!
* * * LOW HITPOINT WARNING * * *
The orc hits you with a +0 short sword.
* * * LOW HITPOINT WARNING * * *
The kobold brigand hits you but does no damage.
The orc barely misses you. You furiously retaliate!
You headbutt the orc!
You kill the orc!
Trog accepts your kill.
The ogre hits you with a +0 giant spiked club!
* * * LOW HITPOINT WARNING * * *
The kobold brigand hits you with a +0 dagger.
You die...

......##...##.....#.....
.......#................
...............###......
................#####...
.................## ##..
..................####..
.#....ZK......#......†))
..#...O)K.............†.
..!..##@...............#
......o....[...........#
...........#...........#
..........)............#
......##..#............#
....###...#............#
.... ##.#..............
... ..##............#
..######........##


You could see a kobold brigand, an ogre, an orc, a kobold and a water moccasin
skeleton.

Vanquished Creatures
  Sigmund (D:3)
  A black bear (D:3)
  A centaur (D:4)
  2 scorpions
  A gnoll shaman (D:5)
  An orc priest (D:5)
  Jessica (D:2)
  2 orc wizards (D:5)
  2 hound skeletons
  4 gnolls
  4 adders
  A worm (D:2)
  2 dart slugs
  11 orcs
  3 ball pythons
  A bat (D:1)
  3 endoplasms
  5 giant cockroaches
  6 goblins
  9 hobgoblins
  6 jackals
  5 kobolds
  4 quokkas
  3 frilled lizards
  A quokka skeleton (D:4)
  3 rats
83 creatures vanquished.

Notes
Turn   | Place    | Note
-------+----------+-------------------------------------------
     0 | D:1      | r3xj the Minotaur Berserker began the quest for the Orb.
     0 | D:1      | Reached XP level 1. HP: 19/19 MP: 0/0
    60 | D:1      | Reached skill level 4 in Maces & Flails
   259 | D:1      | Reached XP level 2. HP: 13/26 MP: 1/1
  1127 | D:1      | Found a faded altar of an unknown god.
  1414 | D:2      | Reached skill level 5 in Maces & Flails
  1615 | D:2      | Reached XP level 3. HP: 31/31 MP: 2/2
  1802 | D:2      | Noticed Jessica
  1807 | D:2      | Killed Jessica
  2129 | D:3      | Reached skill level 6 in Maces & Flails
  2129 | D:3      | Reached XP level 4. HP: 28/39 MP: 3/3
  2241 | D:3      | Noticed a black bear
  2250 | D:3      | Killed a black bear
  2251 | D:3      | Reached skill level 7 in Maces & Flails
  2251 | D:3      | Reached XP level 5. HP: 24/45 MP: 4/4
  2491 | D:3      | Reached ** piety under Trog
  2720 | D:3      | Reached skill level 8 in Maces & Flails
  2861 | D:3      | Noticed Sigmund
  2867 | D:3      | Killed Sigmund
  2868 | D:3      | Reached XP level 6. HP: 51/51 MP: 5/5
  3078 | D:4      | Reached skill level 9 in Maces & Flails
  3214 | D:4      | Found Tuefine's Fire Supplies.
  3582 | D:4      | Reached XP level 7. HP: 27/57 MP: 6/6
  3824 | D:4      | Found a broken altar of Ashenzari.
  4141 | D:5      | Entered Level 5 of the Dungeon
  4160 | D:4      | Reached skill level 10 in Maces & Flails
  4429 | D:5      | Found a staircase to the Ecumenical Temple.
  4652 | D:5      | Slain by a kobold brigand

Illustrated notes

Levels and vault maps discovered:
D:1:      scummos_arrival_forest, layout_basic,
          hellmonk_ecumenical_altar_inner_sanctum
D:2:      layout_loops_cross, hangedman_abyss_or_decor_stabs, uniq_jessica
D:3:      layout_loops_ring, uniq_sigmund
D:4:      layout_loops_cross, evilmike_ruin_ashenzari, serial_park_tiny_pond,
          nicolae_shop_fire_sale [nicolae_sub_dead_trees]
D:5:      layout_cave_pools, amcnicky_altar_gilded,
          mainiacjoe_overflow_brackets, nemelex_dance_club_becter,
          minmay_temple_entry_nine_rooms, uniq_duvessa

Skill      XL: |  1  2  3  4  5  6  7 |
---------------+----------------------+-----
Maces & Flails | 4 5 6 7 8 9 10 | 10.7
Fighting       | |  3.6
Armour         | |  2.4
Dodging        | |  2.1

Action                   |  1- 3 |  4- 6 |  7- 9 || total
-------------------------+-------+-------+-------++-------
Melee: Mace              |    66 |    61 |    80 ||   207
       Headbutt          |     6 |    16 |    14 ||    36
Invok: Berserk           |       |     1 |     1 ||     2
Armor: Animal skin       |     7 |       |       ||     7
       Scale mail        |    10 |    30 |    56 ||    96
Dodge: Dodged            |    29 |    30 |    62 ||   121

Table legend: (Time is in decaauts)
 A = Elapsed time spent in this place.
 B = Non-inter-level travel time spent in this place.
 C = Inter-level travel time spent in this place.
 D = Time resting spent in this place.
 E = Time spent auto-exploring this place.
 F = Levels seen in this place.
 G = Mean time per level.
                   A        B        C        D        E       F      G
               +--------+--------+--------+--------+--------+-----+--------+
         Total |   4670 |   4444 |    226 |    675 |   3259 |   5 |  934.0 |
       Dungeon |   4670 |   4444 |    226 |    675 |   3259 |   5 |  934.0 |
               +--------+--------+--------+--------+--------+-----+--------+

Top non-repeatable levels by time:
     D:4: 1304 daAuts
     D:1: 1237 daAuts
     D:3: 981 daAuts
     D:2: 820 daAuts
     D:5: 327 daAuts
